Map: Vallée des cactus EC

Players

JAB - Winner!

  • Race: Zerg Zerg

AgCl

  • Race: Protoss Protoss

VOD

Have the link to the VOD?

Description

Time

  • Played on: May 6, 2015, 8:57 p.m.
  • Length: 3:15
Show
View Real Time Build Order
Export as new Build Order

JAB Zerg - Winner!

Build Orders: Hatch First 

Get SALT Encoding   

  12  0:03  Drone  
  13  0:13  Overlord  
  13  0:17  Drone  
  14  0:31  Drone x2  
  16  0:36  Drone  
  17  0:54  Hatchery  
  16  0:59  Drone  
  17  1:12  Spawning Pool  
  17  1:13  Drone  
  17  1:17  Drone  
  18  1:22  Drone  
  19  1:30  Drone  
  20  1:45  Drone  
  21  2:02  Extractor, Queen  
  21  2:06  Queen  
  24  2:18  Spine Crawler  
  24  2:21  Zergling x2  
  24  2:22  Zergling x4  
  26  2:35  Overlord, Spine Crawler, Zergling x2  
  26  2:36  Zergling x2  
  27  2:48  Drone  
  28  2:57  Drone  
Show
View Real Time Build Order
Export as new Build Order

AgCl Protoss 

Build Orders:  

Get SALT Encoding   

  12  0:03  Probe  
  13  0:17  Probe  
  14  0:33  Pylon  
  14  0:51  Probe  
  15  0:57  Forge  
  15  1:01  Gateway  
  15  1:03  Probe (Chrono Boost)  
  16  1:07  Assimilator  
  16  1:14  Probe (Chrono Boost)  
  17  1:20  Probe (Chrono Boost)  
  18  1:28  Pylon  
  18  1:32  Probe  
  19  1:38  Pylon  
  19  1:44  Probe  
  20  1:56  Probe  
  21  2:08  Probe, Pylon  
  22  2:10  Pylon  
  22  2:12  Pylon  
  22  2:20  Probe  
  23  2:23  Cybernetics Core  
  23  2:27  Photon Cannon  
  23  2:32  Probe  
  23  2:33  Photon Cannon  
  23  2:36  Photon Cannon  
  24  2:39  Photon Cannon  
  24  2:49  Photon Cannon  
  24  2:53  Gateway  
  24  2:59  Photon Cannon  
  24  3:09  Photon Cannon  
Tags
 
Add a new tag
Caveats
  • Supply blocks, unpowered buildings, or Contaminate may cause inaccurate times.
  • Supply counts are checked every 10 seconds.